 Dungeon Crawl Stone Soup version 0.31.0-1-g2c135a0 (webtiles) character file.

Game seed: 3603291197192192397

624 jagoly the Apothecary (level 7, 0/57 (61) HPs)
             Began as a Naga Alchemist on Jan 24, 2024.
             Was an Elder of Ignis.
             Slain by an ice beast (9 damage)
             ... on level 7 of the Dungeon.
             The game lasted 00:16:24 (1157 turns).

jagoly the Apothecary (Naga Alchemist)              Turns: 1157, Time: 00:16:24

HP:   0/57 (61)     AC:  6    Str: 10    XL:     7   Next: 47%
MP:   3/11          EV:  9    Int: 24    God:    Ignis [****..]
Gold: 112           SH:  0    Dex: 11    Spells: 4/12 levels left

rFire   + . .        a - +0 sling
rCold   . . .        (no shield)
rNeg    . . .        n - +2 leather armour of the Journeyman {+Inv}
rPois   +            (no helmet)
rElec   .            (no cloak)
rCorr   .            (no gloves)
SInv    +            (no barding)
Will    .....        (no amulet)
Stlth   ++           r - +6 ring of intelligence
HPRegen 0.29/turn    (no ring)
MPRegen 0.12/turn

%: no passive effects
@: drained, very slow
A: AC +2, large, see invisible, deformed body, poison resistance, slowness 2,
spit poison 1, naga tail 1
a: Spit Poison, Renounce Religion, Evoke Invisibility, Fiery Armour, Foxfire
Swarm, Rising Flame


You were on level 7 of the Dungeon.
You worshipped Ignis.
Ignis was greatly pleased with you.
You visited 1 branch of the dungeon, and saw 7 of its levels.

You collected 112 gold pieces.

Inventory:

Hand Weapons
 a - a +0 sling (weapon)
 g - a +0 short sword
 i - a +0 dagger
Missiles
 e - 28 stones
Armour
 c - a +0 robe
 n - the +2 leather armour of the Journeyman (worn) {+Inv}
   (You took it off an orc on level 5 of the Dungeon)

   +Inv:      It lets you turn invisible.
Jewellery
 r - a +6 ring of intelligence (left hand)
Wands
 t - a wand of flame (21)
Scrolls
 f - a scroll of teleportation {unknown}
 h - 3 scrolls of identify {unknown}
 p - a scroll of fear {unknown}
 s - a scroll of fog {unknown}
Potions
 b - a potion of magic
 j - 2 potions of mutation {unknown}
 k - a potion of enlightenment {unknown}
 l - 2 potions of attraction {unknown}
 m - 2 potions of curing {unknown}
 o - a potion of degeneration {unknown}
 q - a potion of might {unknown}
 u - a potion of brilliance {unknown}


   Skills:
 * Level 2.7 Fighting
 + Level 1.8 Armour
 - Level 2.0 Dodging
 - Level 3.0 Stealth
 - Level 3.0 Spellcasting
 - Level 2.0 Conjurations
 - Level 4.0 Fire Magic
 - Level 6.0 Alchemy


You had 4 spell levels left.
You knew the following spells:

 Your Spells              Type           Power      Damage    Failure   Level
a - Sting                 Conj/Alch      88%        1d8       2%          1
f - Mephitic Cloud        Conj/Alch/Air  16%        N/A       14%         3
g - Sticky Flame          Fire/Alch      27%        2d7       19%         4

Your spell library contained the following spells:

 Spells                   Type           Power      Damage    Failure   Level
 Magic Dart               Conj           52%        1d5       6%          1
 Mercury Vapours          Alch/Air       36%        N/A       6%          2
 Searing Ray              Conj           26%        2d5       10%         2
 Olgreb's Toxic Radiance  Alch           32%        N/A       12%         4
 Necrotise                Necr           12%        1d4       14%         1
 Volatile Blastmotes      Fire/Tloc      26%        2d12      19%         3
 Fulminant Prism          Conj/Alch      11%        3d8       26%         4
 Dazzling Flash           Conj/Hex       16%        N/A       28%         3
 Vampiric Draining        Necr           3%         2d6       38%         3
 Martyr's Knell           Necr/Summ      3%         N/A       80%         4
 Curse of Agony           Necr           3%         N/A       98%         5
 Starburst                Conj/Fire      9%         6d5       99%         6
 Maxwell's Capacitive Co  Air            1%         ∞         100%        8


Dungeon Overview and Level Annotations

Branches:
Dungeon (7/15) Zot: 26930
 Temple: D:4-7

Altars:
Sif Muna
Ignis

Annotations:
D:1 2 runed translucent doors
D:7 Jeremiah, Joseph


Innate Abilities, Weirdness & Mutations

Your serpentine skin is tough. (AC +2)
You have supernaturally acute eyesight. (SInv)
Armour fits poorly on your strangely shaped body.
Your system is resistant to poisons. (rPois)
You cover ground very slowly.
You can spit poison.
You have a snake-like lower body.


Message History

Aiming: Sting (safe; 6% risk of failure)
Press: ? - help, Shift-Dir - straight line, f - black bear
Aim: a black bear (79% to hit)
The sting hits the black bear.
The black bear is poisoned.
The black bear is lightly wounded.
Cast which spell? (? or * to list)
Aiming: Sting (safe; 6% risk of failure)
Press: ? - help, Shift-Dir - straight line, f/p - black bear
Aim: a black bear (lightly wounded, poisoned, 79% to hit)
The sting hits the black bear.
The black bear looks even sicker.
The black bear is lightly wounded.
Cast which spell? (? or * to list)
Aiming: Sticky Flame (extremely dangerous; 41% risk of failure)
Press: ? - help, Shift-Dir - straight line, f/p - black bear
Aim: a black bear (lightly wounded, very poisoned)
The sticky flame hits the black bear.
The black bear is moderately wounded.
The black bear burns!
The black bear barely misses you. The black bear claws you. x2
The black bear burns!
The black bear goes berserk!
You climb upwards.
There is a stone staircase leading down here.
Fire: a) +0 sling
Press: ? - help, Q - select action, (/) - cycle Shift-Dir - straight line, f - black bear
Aim: a black bear (almost dead, berserk, covered in liquid flames, very poisoned, 83% to hit)
You shoot a sling bullet. The sling bullet hits the black bear.
The black bear is almost dead.
The black bear burns! x2
You kill the black bear!
Training target 1.0 for Armour reached!
Training target 4.0 for Fire Magic reached!
Your Armour skill increases to level 1!
Your Fire Magic skill increases to level 4!
You have reached level 6!
Your skin feels tougher.
Found a book of Conjurations.
Found a scroll labelled YFIBLU CEST.
HP restored.
Found a sedimented coppery potion.
You pick up a book of Conjurations and begin reading...
You add the spells Magic Dart, Searing Ray and Fulminant Prism to your library.
p - a scroll labelled YFIBLU CEST
q - a sedimented coppery potion
Found 11 gold pieces.
You now have 90 gold pieces (gained 11).
Magic restored.
Magic restored.
An iguana comes into view.
Cast which spell? (? or * to list)
Aiming: Sting (safe; 5% risk of failure)
Press: ? - help, Shift-Dir - straight line, f - iguana
Aim: an iguana (77% to hit)
The sting hits the iguana.
The iguana is poisoned.
The iguana is moderately wounded.
Cast which spell? (? or * to list)
Aiming: Sting (safe; 5% risk of failure)
Press: ? - help, Shift-Dir - straight line, f/p - iguana
Aim: an iguana (moderately wounded, poisoned, 77% to hit)
The sting hits the iguana.
The iguana looks even sicker.
The iguana is heavily wounded.
Cast which spell? (? or * to list)
Aiming: Sting (safe; 5% risk of failure)
Press: ? - help, Shift-Dir - straight line, f/p - iguana
Aim: an iguana (heavily wounded, very poisoned, 77% to hit)
The sting hits the iguana.
The iguana looks even sicker.
The iguana is severely wounded.
Cast which spell? (? or * to list)
Aiming: Sting (safe; 5% risk of failure)
Press: ? - help, Shift-Dir - straight line, f/p - iguana
Aim: an iguana (almost dead, very poisoned, 77% to hit)
The sting hits the iguana.
The iguana looks as sick as possible!
The iguana is almost dead.
You kill the iguana!
Found a stone staircase leading up.
Magic restored.
There is a stone staircase leading up here.
You climb upwards.
Found a book of Spectacle.
Found an escape hatch in the ceiling.
There is a stone staircase leading down here.
Cast which spell? (? or * to list)
Aiming: Sting (safe; 4% risk of failure)
Press: ? - help, Shift-Dir - straight line, f - phantom
Aim: a phantom (64% to hit)
The sting misses the phantom.
You shoot a sling bullet.
The sling bullet closely misses the phantom.
The phantom closely misses you.
You shoot a sling bullet.
The sling bullet hits the phantom but does no damage.
The phantom hits you but does no damage.
Cast which spell? (? or * to list)
Aiming: Sticky Flame (quite dangerous; 32% risk of failure)
Press: ? - help, Shift-Dir - straight line, f/p - phantom
Aim: a phantom (unstickable)
You miscast Sticky Flame.
You are very lightly contaminated with residual magic.
Heat runs through your body. You resist. The phantom hits you.
The phantom blinks!
You blink.
Unknown command.
Cast which spell? (? or * to list)
Aiming: Sticky Flame (quite dangerous; 32% risk of failure)
Press: ? - help, Shift-Dir - straight line, f/p - phantom
Aim: a phantom (unstickable)
Okay, then.
Unknown command.
Unknown command.
Okay, then.
Press: ? - help, v - describe, . - travel
Here: a phantom The floor.
Unknown command.
Okay, then.
Unknown command.
The phantom hits you. x2
The phantom hits you.
Activating: Foxfire Swarm
Press: ? - help, Dir - look around, f - activate Flames leap up around you!
The phantom hits you.
Your foxfire dissipates!
The foxfire hits the phantom.
The phantom is lightly damaged.
The foxfire hits the phantom.
The phantom is lightly damaged.
The foxfire hits the phantom.
The phantom is lightly damaged.
The foxfire hits the phantom.
The phantom is moderately damaged.
The foxfire hits the phantom.
The phantom is heavily damaged.
The foxfire hits the phantom.
The phantom is heavily damaged.
The foxfire hits the phantom.
The phantom is severely damaged.
The foxfire hits the phantom but does no damage.
The phantom is severely damaged.
The foxfire hits the phantom but does no damage.
The phantom is severely damaged.
The foxfire hits the phantom but does no damage.
The phantom is severely damaged.
The foxfire hits the phantom.
The phantom is severely damaged.
The foxfire hits the phantom but does no damage.
The phantom is severely damaged.
The foxfire hits the phantom.
The phantom is almost destroyed.
The foxfire hits the phantom.
The phantom is almost destroyed.
The foxfire hits the phantom but does no damage.
The phantom is almost destroyed.
The foxfire hits the phantom but does no damage.
The phantom is almost destroyed.
The foxfire hits the phantom.
The phantom is almost destroyed.
The phantom attacks as it pursues you! The phantom hits you.
The phantom blinks!
You blink.
There is a stone staircase leading down here.
You shoot a sling bullet. The sling bullet hits the phantom.
You destroy the phantom!
Training target 6.0 for Alchemy reached!
Your Alchemy skill increases to level 6!
You need to enable at least one skill for training.
You pick up a book of Spectacle and begin reading...
You add the spells Volatile Blastmotes, Dazzling Flash, Starburst and Maxwell's Capacitive Coupling to your library.
Your magical contamination has completely faded away.
There is a stone staircase leading down here.
You climb downwards.
There is a stone staircase leading up here.
Found a stone staircase leading up.
There is a stone staircase leading up here.
There is an escape hatch in the floor here.
You slide downwards.
The hatch slams shut behind you.
Found 5 stones and a falchion.
A white imp comes into view.
Unknown command.
Found a twisted glass ring.
The white imp gestures at you. The puff of frost hits you!
Found a scroll labelled QOQ GASASE.
The white imp gestures at you. The puff of frost misses you.
The white imp barely misses you.
Cast which spell? (? or * to list)
Aiming: Sticky Flame (quite dangerous; 30% risk of failure)
Press: ? - help, Shift-Dir - straight line, f - white imp
Aim: a white imp You miscast Sticky Flame.
You are very lightly contaminated with residual magic.
There is a sudden and violent explosion of flames.
You resist. The white imp hits you.
* * * LOW HITPOINT WARNING * * *
The white imp freezes you.
* * * LOW HITPOINT WARNING * * *
Cast which spell? (? or * to list)
Aiming: Sticky Flame (quite dangerous; 30% risk of failure)
Press: ? - help, Shift-Dir - straight line, f/p - white imp
Aim: a white imp The sticky flame hits the white imp!
The white imp is burned terribly!
You kill the white imp!
e - 28 stones (gained 5)
You see here a +0 falchion.
r - a +6 ring of intelligence Your magical contamination has completely faded away.
You feel clever.
r - a +6 ring of intelligence (left hand)
Found 13 gold pieces.
s - a scroll labelled QOQ GASASE You now have 103 gold pieces (gained 13).
You open the door.
There is an open door here.
Unknown command.
You open the door.
A black bear comes into view.
Found a fizzy silvery potion and a long gold wand.
The black bear growls angrily.
There is an open door here.
Cast which spell? (? or * to list)
Aiming: Sting (safe; 3% risk of failure)
Press: ? - help, Shift-Dir - straight line, f - black bear
Aim: a black bear (82% to hit)
The sting hits the black bear.
The black bear is poisoned.
The black bear is lightly wounded.
Cast which spell? (? or * to list)
Aiming: Sting (safe; 3% risk of failure)
Press: ? - help, Shift-Dir - straight line, f/p - black bear
Aim: a black bear (lightly wounded, poisoned, 82% to hit)
The sting hits the black bear.
The black bear looks even sicker.
The black bear is lightly wounded.
Cast which spell? (? or * to list)
Aiming: Sticky Flame (quite dangerous; 21% risk of failure)
Press: ? - help, Shift-Dir - straight line, f/p - black bear
Aim: a black bear (moderately wounded, very poisoned)
The sticky flame hits the black bear!
The black bear is heavily wounded.
The black bear burns!
The black bear bites you. The black bear misses you.
The black bear barely misses you.
You shoot a sling bullet. The sling bullet hits the black bear.
The black bear is almost dead.
The black bear burns!
You kill the black bear!
Your Fighting skill increases to level 1!
You have reached level 7!
There is an open door here.
t - a wand of flame (27)
u - a fizzy silvery potion You open the door.
Found a flail.
There is an open door here.
Found a club.
HP restored.
You see here a +0 club.
Magic restored.
You open the door.
Found a stone staircase leading up.
Found a stone staircase leading down.
There is an open door here.
There is a stone staircase leading up here.
You climb upwards.
There is a stone staircase leading down here.
You climb downwards.
There is a stone staircase leading up here.
There is a stone staircase leading down here.
You climb downwards.
Found 3 stones.
There is a stone staircase leading up here.
Duvessa, Sister of Dowan comes into view.
She is wielding a +0 short sword.
You see here 3 stones.
e - 31 stones (gained 3) Duvessa shouts!
You hear an angry hiss.
Joseph, a Mercenary comes into view.
He is wielding a +0 quarterstaff and wearing a +1 leather armour of fire resistance.
Dowan, Brother of Duvessa comes into view.
He is wielding a +0 dagger.
There is a stone staircase leading up here.
Cast which spell? (? or * to list)
Aiming: Sting (safe; 2% risk of failure)
Press: ? - help, Shift-Dir - straight line, f - Duvessa
Aim: Duvessa, wielding a +0 short sword and wearing a +0 leather armour (79% to hit)
The sting hits Duvessa but does no damage.
Duvessa is poisoned.
Cast which spell? (? or * to list)
Aiming: Sting (safe; 2% risk of failure)
Press: ? - help, Shift-Dir - straight line, f/p - Duvessa
Aim: Duvessa, wielding a +0 short sword and wearing a +0 leather armour (poisoned, 79% to hit)
The sting hits Duvessa.
Duvessa looks even sicker.
Duvessa is lightly wounded.
Dowan shouts!
Cast which spell? (? or * to list)
Aiming: Sticky Flame (quite dangerous; 19% risk of failure)
Press: ? - help, Shift-Dir - straight line, f/p - Duvessa
Aim: Duvessa, wielding a +0 short sword and wearing a +0 leather armour (lightly wounded, very poisoned)
The sticky flame hits Duvessa.
Duvessa is moderately wounded.
Duvessa burns!
Duvessa hits you with a +0 short sword.
Fire: a) +0 sling
Press: ? - help, Q - select action, (/) - cycle Shift-Dir - straight line, f - Dowan, p - Duvessa
Aim: Dowan, wielding a +0 dagger and wearing a +0 robe (35% to hit)
You shoot a sling bullet.
The sling bullet hits Duvessa but does no damage.
Duvessa is severely wounded.
Duvessa burns!
Duvessa hits you with a +0 short sword!
Duvessa shakes off the sticky flame as it moves.
Cast which spell? (? or * to list)
Aiming: Sting (safe; 2% risk of failure)
Press: ? - help, Shift-Dir - straight line, f/p - Dowan
Aim: Dowan, wielding a +0 dagger and wearing a +0 robe (67% to hit)
The sting misses Dowan.
You kill Duvessa!
Dowan's eyes darken. "You have made a grave mistake."
Dowan seems to find hidden reserves of power!
Dowan says, "How can I live without her?"
Training target 2.0 for Dodging reached!
Training target 3.0 for Spellcasting reached!
Your Fighting skill increases to level 2!
Your Dodging skill increases to level 2!
Your Spellcasting skill increases to level 3!
Cast which spell? (? or * to list)
Aiming: Sting (safe; 2% risk of failure)
Press: ? - help, Shift-Dir - straight line, f/p - Dowan
Aim: Dowan, wielding a +0 dagger and wearing a +0 robe (fast, 67% to hit)
The sting hits Dowan.
Dowan is poisoned.
Dowan is lightly wounded.
Dowan casts a spell at you. The shard of ice hits you!
Fire: a) +0 sling
Press: ? - help, Shift-Dir - straight line, f/p - Dowan
Aim: Dowan, wielding a +0 dagger and wearing a +0 robe (lightly wounded, fast, poisoned, 38% to hit)
You shoot a sling bullet. The sling bullet hits Dowan.
Dowan is lightly wounded.
Dowan hits you but does no damage. Dowan hits you with a +0 dagger.
* * * LOW HITPOINT WARNING * * *
Cast which spell? (? or * to list)
Aiming: Sticky Flame (dangerous; 19% risk of failure)
Press: ? - help, Shift-Dir - straight line, f/p - Dowan
Aim: Dowan, wielding a +0 dagger and wearing a +0 robe (moderately wounded, fast, poisoned)
The sticky flame hits Dowan.
Dowan is moderately wounded.
* * * LOW MAGIC WARNING * * *
Dowan burns!
Dowan closely misses you.
An iguana comes into view.
Fire: a) +0 sling
Press: ? - help, Shift-Dir - straight line, f/p - Dowan
Aim: Dowan, wielding a +0 dagger and wearing a +0 robe (severely wounded, fast, covered in liquid flames, poisoned, 61% to hit)
You shoot a sling bullet. The sling bullet barely misses Dowan.
Dowan looks more healthy.
Dowan burns!
You kill Dowan!
Press: ? - help, v - describe, . - travel
Here: an iguana The floor.
Okay, then.
Unknown command.
Aiming: Throw Flame
Press: ? - help, Shift-Dir - straight line, f - iguana
Aim: an iguana (72% to hit)
The puff of flame hits the iguana!
The iguana is heavily wounded.
Okay, then.
You shoot a sling bullet.
The sling bullet closely misses the iguana.
You shoot a sling bullet.
The sling bullet barely misses the iguana.
You shoot a sling bullet. The sling bullet hits the iguana.
The iguana is almost dead.
The iguana closely misses you.
You shoot a sling bullet.
The sling bullet barely misses the iguana.
The iguana completely misses you.
You shoot a sling bullet.
The sling bullet barely misses the iguana.
The iguana barely misses you. The iguana bites you!
* * * LOW HITPOINT WARNING * * *
Cast which spell? (? or * to list)
Aiming: Sting (safe; 2% risk of failure)
Press: ? - help, Shift-Dir - straight line, f/p - iguana
Aim: an iguana (almost dead, 79% to hit)
The sting hits the iguana but does no damage.
The iguana is poisoned.
The iguana is almost dead.
* * * LOW MAGIC WARNING * * *
The iguana bites you.
* * * LOW HITPOINT WARNING * * *
Fire: a) +0 sling
Press: ? - help, Shift-Dir - straight line, f/p - iguana
Aim: an iguana (almost dead, poisoned, 56% to hit)
You shoot a sling bullet.
The sling bullet barely misses the iguana.
You kill the iguana!
Things that are here:
a +0 dagger; a +0 robe; an iguana corpse As you open the door, it creaks loudly!
There is an open door here.
Found 9 gold pieces.
You close the door.
Found an emerald ring.
Jeremiah, Barachi Dreamer comes into view.
They are wielding a +4 trident of draining, wearing a +0 robe of cold resistance and wearing an orb of energy.
Found 9 gold pieces.
Jeremiah wails, "Just end it!
Let me go!"
An ice beast comes into view.
Jeremiah whispers, "I obey.
I obey.
I obey."
You see here 9 gold pieces.
You now have 112 gold pieces (gained 9).
Press: ? - help, v - describe, . - travel
Here: Jeremiah, wielding a +4 trident of draining, wearing a +0 robe of cold resistance and wearing an orb of energy The floor.
Press: ? - help, v - describe, . - travel, g - get item Item here: an emerald ring.
The floor.
Unknown command.
Okay, then.
Unknown command.
Unknown command.
Unknown command.
Throw: 4 darts (curare)
Press: ? - help, Shift-Dir - straight line You can't see that place.
Okay, then.
Jeremiah hops!
Unknown command.
Throw: 4 darts (curare)
Press: ? - help, Shift-Dir - straight line, f - Jeremiah
Aim: Jeremiah, wielding a +4 trident of draining, wearing a +0 robe of cold resistance and wearing an orb of energy (43% to hit)
You throw a curare-tipped dart.
The curare-tipped dart closely misses Jeremiah.
Jeremiah hits you from afar with a +4 trident of draining.
* * * LOW HITPOINT WARNING * * *
You feel drained.
* * * LOW HITPOINT WARNING * * *
You drop 3 stones.
Jeremiah hits you from afar with a +4 trident of draining.
* * * LOW HITPOINT WARNING * * *
You feel drained.
* * * LOW HITPOINT WARNING * * *
No item to drop.
Unknown command.
Throw: 3 darts (curare)
Press: ? - help, Shift-Dir - straight line, f/p - Jeremiah
Aim: Jeremiah, wielding a +4 trident of draining, wearing a +0 robe of cold resistance and wearing an orb of energy (43% to hit)
You throw a curare-tipped dart.
The curare-tipped dart hits the butterfly.
The butterfly is poisoned.
The butterfly struggles to breathe.
You kill the butterfly!
The butterfly disappears in a burst of colours!
Jeremiah hops!
Throw: 2 darts (curare)
Press: ? - help, Shift-Dir - straight line, f/p - Jeremiah
Aim: Jeremiah, wielding a +4 trident of draining, wearing a +0 robe of cold resistance and wearing an orb of energy (43% to hit)
You throw a curare-tipped dart.
The curare-tipped dart completely misses the butterfly.
The curare-tipped dart misses the butterfly.
The curare-tipped dart hits Jeremiah.
Jeremiah is poisoned.
Jeremiah struggles to breathe.
Jeremiah seems to slow down.
Jeremiah is lightly wounded.
The butterfly disappears in a burst of colours!
Cast which spell? (? or * to list)
You don't know that spell.
Unknown command.
Okay, then.
Okay, then.
Throw: dart (curare)
Press: ? - help, Shift-Dir - straight line, p - Jeremiah You throw a curare-tipped dart.
The curare-tipped dart misses the butterfly.
The curare-tipped dart misses Jeremiah.
The butterfly disappears in a burst of colours!
Aiming: Throw Flame
Press: ? - help, Shift-Dir - straight line, f - ice beast
Aim: an ice beast (68% to hit)
The puff of flame hits the ice beast.
The ice beast melts!
The ice beast is lightly wounded.
The butterfly disappears in a burst of colours! x3
Aiming: Throw Flame
Press: ? - help, Shift-Dir - straight line, f/p - ice beast
Aim: an ice beast (lightly wounded, 68% to hit)
The puff of flame hits the ice beast.
The ice beast is lightly wounded.
The butterfly disappears in a burst of colours! x2
The ice beast closely misses you.
Aiming: Throw Flame
Press: ? - help, Shift-Dir - straight line, f/p - ice beast
Aim: an ice beast (lightly wounded, 68% to hit)
The puff of flame hits the ice beast.
The ice beast melts!
The ice beast is moderately wounded.
The butterfly disappears in a burst of colours! x2
The ice beast hits you.
* * * LOW HITPOINT WARNING * * *
The ice beast freezes you!
* * * LOW HITPOINT WARNING * * *
Aiming: Throw Flame
Press: ? - help, Shift-Dir - straight line, f/p - ice beast
Aim: an ice beast (moderately wounded, 68% to hit)
The puff of flame hits the ice beast.
The ice beast melts!
The ice beast is heavily wounded.
The ice beast hits you but does no damage.
Aiming: Throw Flame
Press: ? - help, Shift-Dir - straight line, f/p - ice beast
Aim: an ice beast (heavily wounded, 68% to hit)
The puff of flame hits the ice beast.
The ice beast melts!
The ice beast is severely wounded.
The butterfly disappears in a burst of colours! x2
The ice beast hits you.
* * * LOW HITPOINT WARNING * * *
The ice beast freezes you!
You die...

#.$......# #........#
#........# #.....b..#
#........#.# ###
#(..bb...#.# #.##
#..b..bb.#.########..##
#...b..Y.#.#..........#
+..F..b@.#.#).......#.#
#.=.b.b..#.#<)......#
..
#####+##.#.#........# .
#...+........#
###.#........#
........##########
....##### ..


You could see Jeremiah (poisoned, slow) and an ice beast.

Vanquished Creatures
  2 black bears
  Duvessa (D:7)
  A phantom (D:4)
  Dowan (D:7)
  A howler monkey (D:4)
  A bombardier beetle (D:5)
  A hound (D:5)
  3 iguanas
  An adder (D:4)
  A white imp (D:6)
  An orc (D:5)
  A ball python (D:4)
  An endoplasm (D:3)
  2 giant cockroaches (D:4)
  3 goblins
  3 hobgoblins
  4 kobolds
  3 bats (D:1)
  2 rats (D:1)
33 creatures vanquished.

Vanquished Creatures (others)
  25 foxfires (D:4)
25 creatures vanquished.

Grand Total: 58 creatures vanquished

Notes
Turn   | Place    | Note
-------+----------+-------------------------------------------
     0 | D:1      | jagoly the Naga Alchemist began the quest for the Orb.
     0 | D:1      | Reached XP level 1. HP: 15/15 MP: 3/3
    33 | D:1      | Found a large runed translucent door.
    33 | D:1      | Found a large runed translucent door.
   194 | D:1      | Reached skill level 4 in Alchemy
   194 | D:1      | Reached XP level 2. HP: 15/22 MP: 3/5
   313 | D:3      | Found a faded altar of an unknown god.
   325 | D:3      | Prayed at the altar of an unknown god.
   325 | D:3      | Became a worshipper of Ignis, the Dying Flame
   443 | D:4      | Reached XP level 3. HP: 16/28 MP: 0/6
   488 | D:4      | Reached skill level 5 in Alchemy
   488 | D:4      | Reached skill level 1 in Fire Magic
   488 | D:4      | Reached XP level 4. HP: 17/36 MP: 1/7
   493 | D:4      | Learned a level 4 spell: Sticky Flame
   539 | D:5      | Entered Level 5 of the Dungeon
   695 | D:5      | Identified the +2 leather armour of the Journeyman {+Inv}
   699 | D:5      | Reached XP level 5. HP: 42/42 MP: 4/8
   706 | D:5      | Learned a level 3 spell: Mephitic Cloud
   791 | D:6      | Noticed an ogre
   791 | D:6      | Noticed a black bear
   791 | D:6      | Found a shimmering blue altar of Sif Muna.
   797 | D:5      | Killed a black bear
   798 | D:5      | Reached skill level 1 in Armour
   798 | D:5      | Reached XP level 6. HP: 47/49 MP: 2/9
   908 | D:4      | Reached skill level 6 in Alchemy
   982 | D:6      | Noticed a black bear
   989 | D:6      | Killed a black bear
   990 | D:6      | Reached skill level 1 in Fighting
   990 | D:6      | Reached XP level 7. HP: 38/57 MP: 0/11
  1109 | D:7      | Noticed Duvessa
  1110 | D:7      | Noticed Joseph
  1116 | D:7      | Noticed Dowan
  1122 | D:7      | Killed Duvessa
  1126 | D:7      | Killed Dowan
  1144 | D:7      | Noticed Jeremiah
  1157 | D:7      | Slain by an ice beast

Illustrated notes

Levels and vault maps discovered:
D:1:      erik_arrival_cave_to_civilisation [erik_arrival_cave_to_temple],
          layout_basic, minmay_hexomino_u4
D:2:      layout_basic
D:3:      layout_basic, minitemple, hellmonk_ecumenical_altar_slurped_away,
          dk_vineyard_1
D:4:      layout_rooms, serial_library_hellmonk_layered_room,
          minmay_ruined_shrine
D:5:      layout_loops_ring, minmay_temple_entry_proselytizer
D:6:      layout_basic, nicolae_sif_muna_condensation, serial_shops, shop,
          uniq_blork_the_orc
D:7:      layout_basic, fedhas_altar_decomposition, gammafunk_ghost_smash,
          uniq_jeremiah, uniq_duvessa, uniq_joseph

Skill      XL: |  1  2  3  4  5  6  7 |
---------------+----------------------+-----
Alchemy        | 4 5 6 |  6.0
Conjurations   | 2 |  2.0
Fire Magic     | 1 3 4 |  4.0
Armour         | 1 |  1.8
Fighting       | 1 2 |  2.7
Dodging        | 2 |  2.0
Spellcasting   | 3 |  3.0
Stealth        | |  3.0

Action                     |  1- 3 |  4- 6 |  7- 9 || total
---------------------------+-------+-------+-------++-------
   Fire: Sling             |    47 |    12 |     9 ||    68
  Throw: Dart              |       |       |     4 ||     4
   Cast: Sting             |    18 |    22 |     5 ||    45
         Sticky Flame      |       |     3 |     2 ||     5
 Invoke: Foxfire Swarm     |     1 |     1 |       ||     2
  Evoke: Wand              |       |       |     6 ||     6
 Armour: Robe              |    33 |     1 |       ||    34
         Leather armour    |       |    12 |    12 ||    24
  Dodge: Dodged            |    23 |    11 |     5 ||    39
